 Dungeon Crawl Stone Soup version 0.22-a0-78-g0f8607c5c5 (webtiles) character file.

114377 rvm the Brawler (level 16, -2/153 HPs)
             Began as a Troll Monk on Jan 17, 2018.
             Was the Champion of Okawaru.
             Slain by an anaconda (3 damage)
             ... on level 2 of the Snake Pit.
             The game lasted 01:09:24 (22713 turns).

rvm the Brawler (Troll Monk)                       Turns: 22713, Time: 01:09:24

Health: -2/153     AC: 15    Str: 23    XL:     16   Next: 16%
Magic:  21/21      EV:  5    Int:  6    God:    Okawaru [******]
Gold:   2192       SH: 18    Dex: 17    Spells: 15/15 levels left

rFire    + . .     SeeInvis .     - Unarmed
rCold    . . .     Gourm    +   X - +0 large shield {reflect}
rNeg     . . .     Faith    .   M - +0 acid dragon scales
rPois    +         Spirit   .   E - +2 hat {MR+}
rElec    .         Reflect  +   C - +2 cloak {MR+}
rCorr    +         Harm     .   (gloves unavailable)
MR       +++..                  (boots unavailable)
Stlth    ++........             D - amulet of regeneration
HPRegen  1.15/turn              q - ring of protection from fire
MPRegen  0.17/turn              v - ring of poison resistance

@: constricted
A: large, unfitting armour, claws 3, fast metabolism 3, gourmand, regeneration
1, shaggy fur 1, tough skin 2
a: Heroism, Finesse, Renounce Religion


You were on level 2 of the Snake Pit.
You worshipped Okawaru.
Okawaru was exalted by your worship.
You were not hungry.

You visited 3 branches of the dungeon, and saw 23 of its levels.
You also visited: Bailey and Volcano.

You collected 2192 gold pieces.

Inventory:

Hand Weapons
 b - a +3 blowgun
Missiles
 J - 11 curare-tipped needles
 L - 68 poisoned needles
 N - 29 large rocks (quivered)
 O - 13 javelins
Armour
 C - a +2 cloak of magic resistance (worn)
 E - a +2 hat of magic resistance (worn)
 M - +0 acid dragon scales (worn)
 X - a +0 large shield of reflection (worn)
Jewellery
 c - an uncursed ring of see invisible
 q - a ring of protection from fire (left claw)
 u - an uncursed ring of flight
 v - a ring of poison resistance (right claw)
 D - an amulet of regeneration (around neck)
 R - an uncursed ring of positive energy
 T - an uncursed ring of protection from magic
Wands
 n - a wand of clouds (7)
 s - a wand of disintegration (14)
 x - a wand of paralysis (18)
 z - a wand of iceblast (21)
 Q - a wand of polymorph (21)
 S - a wand of acid (8)
 U - a wand of random effects (50)
 Z - a wand of digging (15)
Scrolls
 d - 11 scrolls of remove curse
 h - 15 scrolls of teleportation
 k - a scroll of fear
 y - a scroll of magic mapping
 A - a scroll of blinking
 B - a scroll of holy word {unknown}
 G - a scroll of torment {unknown}
 H - 4 scrolls of enchant armour
 P - a scroll of fog
Potions
 a - 3 potions of heal wounds
 e - 2 potions of cancellation
 g - a potion of resistance
 m - 5 potions of berserk rage
 o - a potion of invisibility
 p - 4 potions of ambrosia
 t - 9 potions of might
 w - 4 potions of mutation
 F - 3 potions of haste
 I - 3 potions of agility
 W - 5 potions of curing
Miscellaneous
 V - a lightning rod (4/4)
Comestibles
 K - 54 rations


   Skills:
 + Level 8.6 Fighting
 + Level 9.4 Throwing
 - Level 4.0 Armour
 - Level 2.4 Dodging
 - Level 1.0 Stealth
 * Level 9.7 Shields
 * Level 17.8 Unarmed Combat
 - Level 8.4 Invocations
 + Level 7.9 Evocations


You had 15 spell levels left.
You didn't know any spells.

Dungeon Overview and Level Annotations

Branches:
Dungeon (15/15)            Temple (0/1) D:7            Lair (6/6) D:8
 Shoals (0/4) Lair:2        Snake (2/4) Lair:3        Slime (0/5) Lair:6
    Orc (0/2) D:9          Vaults (0/5) D:13         Depths (0/5) D:15

Altars:
Ashenzari
Dithmenos
Elyvilon
Fedhas
Gozag
Hepliaklqana
Makhleb
Nemelex Xobeh
Okawaru
Uskayaw
Vehumet
Wu Jian
Yredelemnul
Zin
The Shining One
Jiyva

Shops:
D:14 (

Annotations:
D:14 exclusions: ice statue and obsidian statue


Innate Abilities, Weirdness & Mutations

You are too large for most types of armour.
You have claws for hands.
Your metabolism is lightning-fast.
You like to eat raw meat.
Your natural rate of healing is unusually fast.
You are covered in fur. (AC +1)
You have very tough skin. (AC +2)


Message History

The shock serpent is moderately wounded.
You block the anaconda's attack.
* * * LOW HITPOINT WARNING * * *
The anaconda constricts you. You block the shock serpent's attack.
Unknown command.
You closely miss the shock serpent.
The shock serpent is moderately wounded.
You block the anaconda's attack.
* * * LOW HITPOINT WARNING * * *
The anaconda constricts you.
The shock serpent bites you but does no damage.
The anaconda bites you but does no damage.
* * * LOW HITPOINT WARNING * * *
The anaconda constricts you.
As you read the scroll of fear, it crumbles to dust.
You assume a fearsome visage.
The shock serpent resists with almost no effort.
The anaconda resists with some effort.
The anaconda bites you.
* * * LOW HITPOINT WARNING * * *
You die...

*,,,,,*,,** *,,,,,,,,*,,,
*,...*#..* **..,,,,,,,,,
*,...##..######...,,,,,,,,
*,.......$........,,,,,***
*,.................,,,,,**
*,.................,,,,,,*
*,...........≈.≈..,,,,,,,,
**.......S†.P≈♣≈♣,,,,,,,,,
*......S@...≈≈≈♣.#,,,,,,*
*............≈..#,,**,,**
*...............#,**,,,*,
**/.........##..#..**,,,*,
*,.........##,,.#,**,,,,,,
*,.........#*,,*#,*****,,,
*,.......<##,,,*,,** **,,
*,........#*,,,*,,,****,*,
**[........**,,,*,,,,,,,,,


You could see an anaconda and a shock serpent.

Vanquished Creatures
  Kirke (Lair:6)
  2 entropy weavers (Lair:5)
  A very ugly thing (D:13)
  Nessos (D:12)
  5 dire elephants (Lair:6)
  Josephine (Lair:6)
  A vault guard (D:13)
  A naga warrior (Snake:1)
  Erolcha (D:13)
  A catoblepas (D:14)
  2 hydras
  2 anacondas
  7 centaur warriors
  9 death yaks (Lair:6)
  6 two-headed ogres
  A death knight (D:12)
  Urug (D:13)
  A queen ant (Lair:5)
  A shock serpent (Snake:2)
  An unseen horror (D:13)
  A flayed ghost (D:15)
  The ghost of rvm the Martial Artist, a novice DsGl of Makhleb (D:7)
  6 skeletal warriors
  A storm dragon skeleton (D:15)
  2 wolf spider zombies
  A necromancer (D:15)
  3 deep elf magi
  An orc knight (D:11)
  A stone giant zombie (D:15)
  2 lindwurms (Volcano)
  2 manticores
  2 salamanders (Snake:1)
  13 ugly things
  A tengu skeleton (D:15)
  6 cyclopes
  7 elephants (Lair:6)
  A merfolk siren (Lair:2)
  8 black mambas
  2 naga magi (Snake:1)
  Maurice (D:14)
  2 torpor snails
  Psyche (D:8)
  3 molten gargoyles (Volcano)
  A rime drake (Lair:5)
  3 centaur skeletons
  A gargoyle (D:11)
  2 freezing wraiths (D:12)
  10 spiny frogs
  14 komodo dragons
  6 kobold demonologists
  4 efreet
  A queen bee (Lair:3)
  A guardian mummy (D:15)
  3 meliai (D:13)
  3 merfolk (Lair:2)
  Prince Ribbit (D:7)
  A hornet (D:14)
  3 trolls
  An ettin zombie (D:15)
  33 blink frogs
  12 dream sheep
  7 hippogriffs
  A redback (shapeshifter) (D:14)
  A spriggan (D:8)
  A shadow (D:15)
  7 wyverns
  4 wraiths
  58 yaks
  A hog (shapeshifter) (D:15)
  3 fire bats (Lair:2)
  4 fire elementals (Volcano)
  The ghost of qwip the Cutter, an amateur DsCK of Xom (D:4)
  A steam dragon (Lair:2)
  3 basilisks
  2 acid dragons
  4 hungry ghosts
  10 nagas (Snake:1)
  4 soldier ants (Lair:5)
  Duvessa (D:7)
  20 water moccasins
  8 porcupines
  A meliai simulacrum (D:15)
  5 sky beasts
  22 orc warriors
  An eye of draining (shapeshifter) (D:8)
  2 black bears
  2 eyes of draining
  7 ice beasts
  2 necrophages
  2 phantoms
  12 wolves
  8 ogres
  14 centaurs
  5 crocodiles
  A big kobold (D:10)
  3 earth elementals (Volcano)
  18 bullfrogs
  Blork the orc (D:4)
  Dowan (D:7)
  A wyvern skeleton (D:13)
  3 scorpions
  4 electric eels
  30 killer bees
  13 wights
  3 howler monkeys (D:14)
  3 centaur zombies
  8 crimson imps
  3 quasits
  3 bullfrog skeletons
  8 hounds
  3 jellies
  10 orc priests
  2 bullfrog zombies
  12 orc wizards
  5 iguanas
  3 iron imps (D:8)
  Ijyb (D:5)
  A gnoll shaman (D:7)
  31 worker ants
  A hound zombie (D:8)
  3 hound skeletons
  A howler monkey zombie (D:5)
  8 gnolls
  21 adders
  A river rat (D:3)
  2 shadow imps
  12 white imps (D:12)
  An ooze (D:1)
  An adder zombie (D:8)
  3 adder skeletons
  A worm (D:2)
  A dart slug (D:2)
  2 leopard geckos
  63 orcs
  9 giant cockroaches
  8 goblins
  9 hobgoblins
  4 jackals (D:1)
  4 quokkas
  2 ball pythons
  A ball python skeleton (D:4)
  5 bats
  4 frilled lizards
  A jackal skeleton (D:8)
  10 kobolds
  A leopard gecko skeleton (D:4)
  9 rats
  4 plants (Lair:6)
  A withered plant (D:15)
802 creatures vanquished.

Vanquished Creatures (others)
  A centaur skeleton (D:13)
  2 humans (Lair:6)
  A wyvern simulacrum (D:13)
  2 orcs (D:14)
  A fire vortex (Volcano)
  11 fungi
  14 plants
32 creatures vanquished.

Grand Total: 834 creatures vanquished

Notes
Turn   | Place    | Note
-------+----------+-------------------------------------------
     0 | D:1      | rvm the Troll Monk began the quest for the Orb.
     0 | D:1      | Reached XP level 1. HP: 22/22 MP: 0/0
   168 | D:1      | Reached XP level 2. HP: 28/29 MP: 1/1
   442 | D:1      | Reached skill level 4 in Unarmed Combat
   958 | D:2      | Reached XP level 3. HP: 34/36 MP: 2/2
   973 | D:2      | Found an iron altar of Okawaru.
   980 | D:2      | Became a worshipper of Warmaster Okawaru
   980 | D:2      | Reached * piety under Okawaru
   980 | D:2      | Reached ** piety under Okawaru
  1030 | D:2      | Found a hazy altar of Hepliaklqana.
  1401 | D:2      | Found a sparkling altar of Nemelex Xobeh.
  1461 | D:2      | Found a faded altar of an unknown god.
  1610 | D:2      | Reached XP level 4. HP: 44/44 MP: 3/3
  1615 | D:2      | Reached skill level 1 in Invocations
  1787 | D:3      | Reached skill level 5 in Unarmed Combat
  1992 | D:3      | Reached XP level 5. HP: 50/50 MP: 5/5
  2153 | D:3      | Found a basalt altar of Yredelemnul.
  2438 | D:3      | Found a white marble altar of Elyvilon.
  2604 | D:3      | Reached skill level 6 in Unarmed Combat
  2733 | D:4      | Noticed qwip's ghost (amateur DsCK)
  2740 | D:4      | Killed qwip's ghost
  2740 | D:4      | Reached XP level 6. HP: 51/59 MP: 3/7
  2784 | D:4      | Found a blossoming altar of Fedhas.
  2904 | D:4      | Noticed Blork the orc
  2916 | D:4      | Killed Blork the orc
  2966 | D:4      | Reached skill level 7 in Unarmed Combat
  2966 | D:4      | Reached XP level 7. HP: 66/66 MP: 8/8
  3102 | D:4      | You fall through a shaft!
  3102 | D:5      | Entered Level 5 of the Dungeon
  3170 | D:5      | Noticed Ijyb
  3178 | D:5      | Killed Ijyb
  3357 | D:5      | Reached *** piety under Okawaru
  3498 | D:5      | Reached skill level 8 in Unarmed Combat
  3603 | D:5      | Found a glowing golden altar of the Shining One.
  3824 | D:6      | Reached XP level 8. HP: 65/74 MP: 10/10
  3957 | D:6      | Found an ornate altar of the Wu Jian Council.
  4260 | D:7      | Found a staircase to the Ecumenical Temple.
  4269 | D:7      | Reached skill level 9 in Unarmed Combat
  4277 | D:7      | Reached **** piety under Okawaru
  4293 | D:7      | Reached skill level 5 in Invocations
  4578 | D:7      | Noticed rvm's ghost (novice DsGl)
  4587 | D:7      | Killed rvm's ghost
  4587 | D:7      | Reached skill level 10 in Unarmed Combat
  4587 | D:7      | Reached XP level 9. HP: 39/80 MP: 8/12
  4777 | D:7      | Noticed Duvessa
  4784 | D:7      | Noticed Dowan
  4789 | D:7      | Killed Duvessa
  4789 | D:7      | Reached skill level 11 in Unarmed Combat
  4792 | D:7      | Killed Dowan
  5017 | D:7      | Noticed Prince Ribbit
  5033 | D:7      | Killed Prince Ribbit
  5044 | D:7      | Reached ***** piety under Okawaru
  5505 | D:8      | Found a burning altar of Makhleb.
  5641 | D:8      | Reached skill level 12 in Unarmed Combat
  5647 | D:8      | Reached XP level 10. HP: 62/88 MP: 12/14
  5800 | D:8      | Found a staircase to the Lair.
  5960 | D:8      | Found a glowing silver altar of Zin.
  5960 | D:8      | Found a faded altar of an unknown god.
  5965 | D:8      | Found an opulent altar of Gozag.
  5967 | D:8      | Found a radiant altar of Vehumet.
  5968 | D:8      | Found a shadowy altar of Dithmenos.
  6038 | D:8      | Noticed Psyche
  6050 | D:8      | Killed Psyche
  6298 | D:8      | Noticed a two-headed ogre
  6340 | D:8      | Killed a two-headed ogre
  6340 | D:8      | Reached skill level 13 in Unarmed Combat
  6349 | D:8      | HP: 4/88 [troll (4)]
  6494 | D:8      | Reached skill level 1 in Throwing
  6494 | D:8      | Reached skill level 1 in Armour
  6495 | D:8      | Received a gift from Okawaru
  6666 | D:8      | Found a hide-covered altar of Uskayaw.
  6848 | D:9      | Reached XP level 11. HP: 74/97 MP: 13/16
  7213 | D:9      | Found a staircase to the Orcish Mines.
  7599 | D:10     | Entered Level 10 of the Dungeon
  7601 | D:10     | Found a flagged portal.
  7638 | Bailey   | Entered a bailey
  7644 | Bailey   | Noticed a deep elf mage
  7653 | Bailey   | Killed a deep elf mage
  7699 | Bailey   | Noticed a deep elf mage
  7700 | Bailey   | Noticed a deep elf mage
  7700 | Bailey   | Noticed a deep elf mage
  7700 | Bailey   | Noticed a deep elf mage
  7700 | Bailey   | Noticed a deep elf mage
  7700 | Bailey   | Noticed a deep elf mage
  7952 | D:10     | Reached skill level 14 in Unarmed Combat
  8186 | D:10     | Noticed a two-headed ogre
  8201 | D:10     | Killed a two-headed ogre
  8780 | D:11     | Found an iron altar of Okawaru.
  8780 | D:11     | Noticed an orc knight
  8780 | D:11     | Noticed a centaur warrior
  8781 | D:11     | Noticed a centaur warrior
  8788 | D:11     | Noticed a brown ugly thing
  8796 | D:11     | Killed a brown ugly thing
  8796 | D:11     | Reached skill level 1 in Evocations
  8820 | D:11     | Noticed a green ugly thing
  8828 | D:11     | Killed a green ugly thing
  8828 | D:11     | Received a gift from Okawaru
  9390 | D:11     | Reached XP level 12. HP: 78/109 MP: 17/17
  9600 | D:11     | Noticed a two-headed ogre
  9606 | D:11     | Killed a two-headed ogre
  9606 | D:11     | Reached skill level 5 in Throwing
  9785 | D:11     | Killed a centaur warrior
  9890 | D:11     | HP: 5/109 [centaur warrior/arrow (16)]
 10208 | D:11     | Killed a centaur warrior
 10672 | D:12     | Found a frozen archway.
 10764 | D:12     | Reached skill level 5 in Fighting
 10903 | D:12     | Reached skill level 1 in Shields
 10907 | D:12     | Noticed a death knight
 10915 | D:12     | Killed a death knight
 10915 | D:12     | Received a gift from Okawaru
 10955 | D:12     | Noticed Nessos
 10964 | D:12     | Killed Nessos
 10964 | D:12     | Reached skill level 15 in Unarmed Combat
 11026 | D:12     | Noticed a two-headed ogre
 11031 | D:12     | Killed a two-headed ogre
 11381 | D:13     | Noticed Maurice
 11481 | D:14     | Killed Maurice
 11659 | D:13     | Reached XP level 13. HP: 89/119 MP: 12/18
 11821 | D:13     | Noticed Urug
 11828 | D:13     | Reached skill level 5 in Evocations
 11833 | D:13     | Killed Urug
 11869 | D:13     | Noticed Erolcha
 11881 | D:13     | Killed Erolcha
 11893 | D:13     | Received a gift from Okawaru
 11994 | D:13     | Noticed a green very ugly thing
 12005 | D:13     | Killed a green very ugly thing
 12043 | D:13     | Received a gift from Okawaru
 12151 | D:13     | Found a gate to the Vaults.
 12458 | D:14     | Reached skill level 5 in Shields
 12484 | D:14     | Reached ****** piety under Okawaru
 12704 | D:14     | Found a hide-covered altar of Uskayaw.
 12788 | D:14     | Received a gift from Okawaru
 12903 | D:14     | Reached skill level 16 in Unarmed Combat
 12991 | D:14     | Received a gift from Okawaru
 12997 | D:14     | Reached XP level 14. HP: 62/131 MP: 17/19
 13108 | D:14     | Found Ciddyryz's Weapon Shop.
 13174 | D:14     | Received a gift from Okawaru
 13516 | D:15     | Entered Level 15 of the Dungeon
 13756 | D:15     | Found a staircase to the Depths.
 13991 | D:15     | Received a gift from Okawaru
 14476 | D:15     | Found a shattered altar of Ashenzari.
 14954 | Lair:1   | Entered Level 1 of the Lair of Beasts
 16243 | Lair:2   | Found a dark tunnel.
 16263 | Volcano  | Entered a volcano
 17287 | Lair:2   | Found a staircase to the Shoals.
 17527 | Lair:3   | Found a staircase to the Snake Pit.
 17541 | Lair:3   | Reached XP level 15. HP: 140/140 MP: 20/20
 17982 | Lair:3   | Reached skill level 17 in Unarmed Combat
 18530 | Lair:4   | Received a gift from Okawaru
 20026 | Lair:6   | Entered Level 6 of the Lair of Beasts
 20052 | Lair:6   | Noticed Kirke
 20097 | Lair:6   | Noticed Josephine
 20111 | Lair:6   | Killed Josephine
 20145 | Lair:6   | Received a gift from Okawaru
 20182 | Lair:6   | Received a gift from Okawaru
 20255 | Lair:6   | Killed Kirke
 20403 | Lair:6   | Found a viscous altar of Jiyva.
 20431 | Lair:6   | Found a staircase to the Slime Pits.
 21431 | Lair:6   | Reached XP level 16. HP: 132/153 MP: 19/21
 21521 | Snake:1  | Entered Level 1 of the Snake Pit
 21888 | Snake:1  | Received a gift from Okawaru
 22711 | Snake:2  | HP: 7/153 [anaconda (2)]
 22712 | Snake:2  | HP: 3/153 [anaconda (1)]
 22713 | Snake:2  | HP: 1/153 [anaconda (4)]
 22713 | Snake:2  | Slain by an anaconda

Vault maps used:
D:1:      moated_graveyard_arrival, serial_park_tiny_2
D:2:      okawaru_gym_becter, lemuel_crystal_altar,
          chequers_ecumenical_altar_lobes, first_ration,
          nemelex_spade_bored_becter
D:3:      kennysheep_ying_yang, gup_sewer_entry_spiral
D:4:      lemuel_crystal_altar, minmay_stone_trees_medium, uniq_blork_the_orc
D:5:      lemuel_doored_altar, kennysheep_generic_room_2, uniq_ijyb
D:6:      overflow_temple_1_default
D:7:      minmay_temple_entry_large_hall, uniq_prince_ribbit1, uniq_duvessa
D:8:      hangedman_cross_veins, demons_altar, kennysheep_little_box,
          chequers_temple_overflow_minitemple, the_bakery, uniq_psyche
D:9:      hiddenorc1_lemuel
D:10:     enter_bailey_3
D:11:     evilmike_iron_armoury
D:12:     portal_ice_cave_entry_imps, serial_glass, glass_columns_c,
          glass_columns_b, glass_columns_b, glass_columns_a, glass_columns_a,
          glass_columns_a, feat_on_display, due_unseen_surprise, uniq_nessos
D:13:     david_vaults_5, uniq_maurice, uniq_erolcha, uniq_urug
D:14:     minmay_separated_statues, serial_bayou_pond_b, basic_altar,
          serial_shops, nicolae_shop_crystal
D:15:     gammafunk_depths_entry_grave, serial_co_window_serial,
          co_window_corner_a, co_window_paths_a, co_window_corner_a,
          co_window_cross_1, co_window_paths_a, co_window_corner_cb,
          co_window_broadway_a, co_window_paths_c, co_window_unsneaky_path_d,
          co_window_unsneaky_path_e, co_window_paths_d, glass_columns_a,
          glass_columns_b, glass_columns_a, glass_columns_a, glass_columns_a,
          basic_altar
Lair:1:   lemuel_fruit_fields
Lair:2:   elwin_shoals_entry_stream, nicolae_volcano_entry_batcave,
          serial_bayou_lagoon_b
Lair:3:   minmay_snake_entry_six_corridors, special_room
Lair:4:   lemuel_fruit_tree
Lair:5:   minmay_another_anthill
Lair:6:   due_jungle_book, slime_altar_1, grunt_megastairs_5,
          serial_bayou_shore_a, uniq_josephine, uniq_kirke
Snake:2:  serial_shops, bzr_entry_customers, st_stairs_10, spider_trap,
          serial_bayou_pond_d, uniq_vashnia, uniq_azrael
Bailey:   bailey_polearm_3, bailey
Volcano:  volcano_aerie

Skill      XL: |  1  2  3  4  5  6  7  8  9 10 11 12 13 14 15 |
---------------+----------------------------------------------+-----
Unarmed Combat | 4 5 6 7 8 10 12 13 14 15 16 17 | 17.8
Invocations    | 1 2 3 4 5 7 8 |  8.4
Throwing       | 1 4 6 7 8 9 |  9.4
Armour         | 1 3 4 |  4.0
Fighting       | 3 4 5 6 7 8 |  8.6
Evocations     | 2 4 6 7 |  7.9
Shields        | 3 5 7 9 |  9.7
Dodging        | |  2.4
Stealth        | |  1.0

Action                   |  1- 3 |  4- 6 |  7- 9 | 10-12 | 13-15 | 16-18 || total
-------------------------+-------+-------+-------+-------+-------+-------++-------
Melee: Unarmed           |    83 |   118 |   258 |   670 |  1523 |    95 ||  2747
       Punch             |     1 |     1 |    11 |    37 |       |       ||    50
Throw: Stone             |       |     2 |       |     1 |       |       ||     3
       Large rock        |       |       |       |       |    10 |       ||    10
Invok: Heroism           |       |     4 |     7 |    21 |    25 |       ||    57
       Finesse           |       |       |       |     3 |     8 |       ||    11
 Abil: Evoke Flight      |       |       |       |       |     1 |       ||     1
Evoke: Wand              |       |       |       |     3 |     5 |       ||     8
  Use: Scroll            |     1 |     1 |     7 |    13 |     9 |     4 ||    35
       Potion            |       |     1 |       |     3 |       |       ||     4
 Stab: Sleeping          |     2 |     2 |     3 |     3 |     1 |       ||    11
       Distracted        |       |     1 |       |     1 |       |       ||     2
       Petrified         |       |       |       |       |     1 |       ||     1
  Eat: Chunk             |    20 |    13 |    21 |    80 |    89 |     6 ||   229
       Ration            |       |       |     1 |       |       |       ||     1
Armor: Robe              |    25 |    30 |    54 |    15 |       |       ||   124
       Troll leather arm |       |       |       |    89 |       |       ||    89
       Acid dragon scale |       |       |       |   112 |   361 |    20 ||   493
Dodge: Dodged            |    46 |    61 |   132 |   241 |   240 |    12 ||   732
Block: Large shield      |       |       |       |   100 |   914 |   100 ||  1114
       Reflection        |       |       |       |       |       |     1 ||     1

Table legend:
 A = Spawn XP
 B = Non-spawn XP
 C = Spawn XP percentage of total XP
 D = Spawn monster count
 E = Non-spawn monster count
 F = Spawn count percentage of total count
 G = Total turns spent on level
                    A         B        C        D         E        F      G
               +---------+---------+-------+---------+---------+-------+---------
         Total |       0 |  163396 |   0.0 |       0 |     797 |   0.0 | 22713
               +---------+---------+-------+---------+---------+-------+---------
           D:1 |       0 |      34 |   0.0 |       0 |      17 |   0.0 |   912
           D:2 |       0 |      72 |   0.0 |       0 |      18 |   0.0 |   829
           D:3 |       0 |     264 |   0.0 |       0 |      41 |   0.0 |   990
           D:4 |       0 |     377 |   0.0 |       0 |       9 |   0.0 |   477
           D:5 |       0 |     620 |   0.0 |       0 |      22 |   0.0 |   572
           D:6 |       0 |     378 |   0.0 |       0 |      12 |   0.0 |   463
           D:7 |       0 |    2745 |   0.0 |       0 |      31 |   0.0 |  1170
           D:8 |       0 |    5943 |   0.0 |       0 |      56 |   0.0 |  1302
           D:9 |       0 |    2669 |   0.0 |       0 |      41 |   0.0 |   922
          D:10 |       0 |    3707 |   0.0 |       0 |      44 |   0.0 |  1036
          D:11 |       0 |    9997 |   0.0 |       0 |      60 |   0.0 |  1883
          D:12 |       0 |    6805 |   0.0 |       0 |      34 |   0.0 |   785
          D:13 |       0 |   15379 |   0.0 |       0 |      38 |   0.0 |   827
          D:14 |       0 |   19092 |   0.0 |       0 |      52 |   0.0 |  1431
          D:15 |       0 |   10952 |   0.0 |       0 |      25 |   0.0 |  1285
        Lair:1 |       0 |    5138 |   0.0 |       0 |      24 |   0.0 |   902
        Lair:2 |       0 |   11696 |   0.0 |       0 |      47 |   0.0 |  1103
        Lair:3 |       0 |    8072 |   0.0 |       0 |      59 |   0.0 |  1085
        Lair:4 |       0 |    6662 |   0.0 |       0 |      26 |   0.0 |   655
        Lair:5 |       0 |    9802 |   0.0 |       0 |      49 |   0.0 |   971
        Lair:6 |       0 |   29088 |   0.0 |       0 |      54 |   0.0 |  1379
       Snake:1 |       0 |    7846 |   0.0 |       0 |      21 |   0.0 |  1173
       Snake:2 |       0 |     796 |   0.0 |       0 |       1 |   0.0 |    19
        Bailey |       0 |     615 |   0.0 |       0 |       1 |   0.0 |    70
       Volcano |       0 |    4647 |   0.0 |       0 |      15 |   0.0 |   472
               +---------+---------+-------+---------+---------+-------+---------
